 Dungeon Crawl Stone Soup version 0.16-a0-3149-g1169300 (webtiles) character file.

778 Johnny the Quickloader (level 8, 0/56 HPs)
             Began as a Human Hunter on Dec 14, 2014.
             Shot with an arrow by a centaur (11 damage)
             ... on level 5 of the Dungeon.
             The game lasted 00:08:24 (3926 turns).

Johnny the Quickloader (Human Hunter)               Turns: 3926, Time: 00:08:24

Health: 0/56       AC:  6    Str: 13      XL:     8   Next: 10%
Magic:  17/17      EV: 12    Int: 17      God:
Gold:   122        SH:  0    Dex: 13 (15) Spells: 0 memorised, 7 levels left

rFire  . . .     SeeInvis .     r - +3 quarterstaff (chaos)
rCold  + . .     Clarity  .     d - +0 leather armour
rNeg   . . .     SustAb   .     (no shield)
rPois  .         Gourm    .     u - +1 helmet
rElec  .         Spirit   .     s - +0 cloak
rCorr  .         Warding  .     (no gloves)
rMut   +         Stasis   .     (no boots)
MR     .....                    k - amulet of resist mutation
Stlth  +.........               p - ring of magical power
                                h - ring of protection from cold

@: brilliant, very slightly contaminated, not resistant to hostile enchantments,
very unstealthy
A: no striking features
a: no special abilities


You were on level 5 of the Dungeon.
You were hungry.

You visited 1 branch of the dungeon, and saw 5 of its levels.

You collected 206 gold pieces.
You spent 84 gold pieces at shops.

Inventory:

Hand weapons
 a - a +0 short sword
 b - a +1 hand crossbow
 r - a +3 quarterstaff of chaos (weapon)
Armour
 d - a +0 leather armour (worn)
 s - a +0 cloak (worn)
 u - a +1 helmet (worn)
Jewellery
 h - a ring of protection from cold (left hand)
 k - an amulet of resist mutation (around neck)
 p - a ring of magical power (right hand)
Magical devices
 t - a wand of frost (31)
Scrolls
 i - 4 scrolls of recharging
 n - a scroll of enchant weapon
 o - a scroll of fear {unknown}
 w - a scroll of magic mapping {unknown}
Potions
 e - a potion of curing
 l - a potion of flight {unknown}
 m - a potion of brilliance
 q - a potion of heal wounds {unknown}
 v - a potion of cancellation {unknown}
 z - 2 potions of might {unknown}
Comestibles
 f - 3 bread rations
 x - 2 slices of pizza


   Skills:
 + Level 2.2 Fighting
 + Level 9.2 Crossbows
 + Level 0.4 Armour
 + Level 2.3 Dodging
 - Level 1.0 Stealth


You had 7 spell levels left.
You didn't know any spells.

Dungeon Overview and Level Annotations

Branches:
Dungeon (5/15)
 Temple: D:4-7

Altars:
Fedhas
Gozag
Kikubaaqudgha
Nemelex Xobeh
Ru
Vehumet
Xom
Yredelemnul
The Shining One

Shops:
D:4 *

Annotations:
D:2 exclusion: oklob plant
D:4 Prince Ribbit


Message History

The orc hits you but does no damage. The orc barely misses you.
You barely miss the orc. The orc barely misses you. The orc barely misses you.
The orc misses you.
You thump the orc!
You kill the orc!
The orc hits you but does no damage.
A centaur comes into view.
The centaur shouts!
The centaur wields a shortbow.
The centaur shoots an arrow.
The arrow hits you!
* * * LOW HITPOINT WARNING * * *
The orc closely misses you.
Things that are here:
an arrow; an orc corpse Read which item? (? for menu, Esc to quit)
Okay, then.
Drink which item? (? for menu, Esc to quit)
It was a potion of brilliance.
You feel clever all of a sudden.
The centaur shoots an arrow.
The arrow hits you!
You die...

.. #. .# #.
c#
####.####.
.#....>...#
.....)....#
.......$...#
........<..#
........@).#
........o..#
.?.....!..#
.#<.......#
#........#
##########


You could see a centaur and an orc.

Vanquished Creatures
  The ghost of myeffort the Ogre Mage, an average OgWz (D:4)
  Eustachio (D:4)
  The ghost of Johnny the Bolt Thrower, an average HuHu (D:3)
  2 scorpions (D:4)
  Crazy Yiuf (D:2)
  Robin (D:3)
  5 adders
  4 gnolls (D:2)
  A worm (D:3)
  2 giant geckos
  An ooze (D:4)
  10 orcs
  18 goblins
  12 hobgoblins
  6 jackals
  12 kobolds
  3 quokkas
  10 bats
  A giant cockroach (D:2)
  7 giant newts
  19 rats
118 creatures vanquished.

Vanquished Creatures (others)
  A goblin (D:3)
1 creature vanquished.

Grand Total: 119 creatures vanquished

Notes
Turn   | Place    | Note
--------------------------------------------------------------
     0 | D:1      | Johnny, the Human Hunter, began the quest for the Orb.
     0 | D:1      | Reached XP level 1. HP: 16/16 MP: 1/1
   220 | D:1      | Reached XP level 2. HP: 22/22 MP: 2/2
   393 | D:1      | Reached XP level 3. HP: 27/27 MP: 3/3
   484 | D:1      | Reached skill level 5 in Crossbows
  1013 | D:2      | Found a blossoming altar of Fedhas.
  1013 | D:2      | Found a shimmering altar of Xom.
  1014 | D:2      | Found a radiant altar of Vehumet.
  1020 | D:2      | Reached XP level 4. HP: 33/33 MP: 4/4
  1068 | D:2      | Found an ancient bone altar of Kikubaaqudgha.
  1068 | D:2      | Found an opulent altar of Gozag.
  1068 | D:2      | Found a basalt altar of Yredelemnul.
  1069 | D:2      | Found a sparkling altar of Nemelex Xobeh.
  1069 | D:2      | Found a sacrificial altar of Ru.
  1581 | D:2      | Noticed Crazy Yiuf
  1588 | D:2      | Killed Crazy Yiuf
  1588 | D:2      | Reached skill level 6 in Crossbows
  1588 | D:2      | Reached XP level 5. HP: 28/38 MP: 5/5
  1709 | D:2      | Found a blossoming altar of Fedhas.
  1733 | D:2      | Noticed an oklob plant
  1783 | D:3      | Noticed Johnny's ghost (average HuHu)
  1791 | D:3      | Killed Johnny's ghost
  1791 | D:3      | Reached XP level 6. HP: 31/44 MP: 6/6
  1818 | D:3      | Noticed Robin
  1854 | D:3      | Killed Robin
  1854 | D:3      | Reached skill level 7 in Crossbows
  3055 | D:4      | Noticed Eustachio
  3180 | D:4      | Killed Eustachio
  3180 | D:4      | Reached skill level 8 in Crossbows
  3180 | D:4      | Reached XP level 7. HP: 45/50 MP: 7/7
  3225 | D:4      | Found Weucan's General Store.
  3236 | D:4      | Bought a scroll of identify for 24 gold pieces
  3236 | D:4      | Bought a scroll of identify for 24 gold pieces
  3245 | D:4      | Bought a scroll of remove curse for 36 gold pieces
  3263 | D:4      | Noticed myeffort's ghost (average OgWz)
  3277 | D:4      | Killed myeffort's ghost
  3322 | D:4      | Reached skill level 9 in Crossbows
  3422 | D:4      | Reached XP level 8. HP: 22/56 MP: 8/8
  3459 | D:4      | Noticed Prince Ribbit
  3652 | D:4      | Found a glowing golden altar of the Shining One.
  3918 | D:5      | Entered Level 5 of the Dungeon
  3926 | D:5      | Shot with an arrow by a centaur

Action                   |  1- 3 |  4- 6 |  7- 9 || total
-------------------------+-------+-------+-------++-------
Melee: Quarterstaff      |       |   145 |    80 ||   225
 Fire: Hand crossbow     |    63 |    58 |    10 ||   131
Evoke: Wand              |       |       |     1 ||     1
  Use: Scroll            |       |       |     8 ||     8
       Potion            |       |       |     4 ||     4
 Stab: Paralysed         |       |     1 |     1 ||     2
       Sleeping          |       |     1 |     1 ||     2
  Eat: Chunk             |       |     7 |     2 ||     9
